[Event "Paris FIDE GP"]
[Site "Elancourt"]
[Date "2013.09.25"]
[Round "4"]
[White "Bacrot, Etienne"]
[Black "Gelfand, Boris"]
[Result "1/2-1/2"]
[ECO "B30"]
[WhiteElo "2723"]
[BlackElo "2764"]
[Annotator "ChessBase Website"]
[PlyCount "67"]
[EventDate "2013.09.22"]
[EventType "tourn"]
[EventRounds "11"]
[EventCountry "FRA"]
[EventCategory "20"]
[SourceTitle "CBM 157"]
[Source "ChessBase"]
[SourceDate "2013.11.12"]
[SourceVersion "1"]
[SourceVersionDate "2013.11.12"]
[SourceQuality "1"]
[TimeControl "40/7200:20/3600:900+30"]
[WhiteClock "2:00:00"]
[BlackClock "2:00:00"]

1. e4 c5 2. Nf3 Nc6 {
[%emt 0:00:26] The Israeli player keeps faithful to his Sveshnikov Sicilian,
something no one has yet been able to crack, and Bacrot would have none of that
} 3. Bb5 {[%emt 0:00:09] He chose 3.Bb5, the Rossolimo, to avoid the big lines
of theory of the dreaded "B33" (the ECO code of the Sveshnikov) but also in
this line that he chose Gelfand had little to worry about and he equalized,
transposed into an endgame and drew.} e6 4. O-O Nge7 5. Re1 (5. c3) 5... a6 6. Bf1 d5 7. exd5 Nxd5 8. d4 Nf6 9. Be3 Be7 10. c4 O-O 11.
Nc3 cxd4 12. Nxd4 Ne5 13. h3 Bd7 14. Qb3 $146 (14. Rc1 Rc8 15. Qb3 Qc7 16. Na4 Rcd8 17. Qb6 Qxb6 18. Nxb6 Be8
19. a3 Ned7 20. Nb3 Nxb6 21. Bxb6 Rc8 22. Be3 Rb8 23. Bc5 Bxc5 24. Nxc5 Bc6 25.
b4 Rfc8 26. Red1 Kf8 27. f3 Ke7 28. Kf2 Nd7 29. Nxd7 Bxd7 30. c5 Ba4 31. Rd3
Rd8 32. Ke3 Bb5 33. Rxd8 Rxd8 34. Bxb5 axb5 35. c6 bxc6 36. Rxc6 Ra8 37. Rb6
Rxa3+ 38. Kf4 f5 39. Rxb5 Kf6 40. h4 Rd3 {1/2-1/2 (40) Anand,V (2786)-Gelfand,
B (2755) Moscow 2013}) 14... Qc7 15. Rad1 Rfd8 {[%emt 0:00:47] The game actually followed the important game between
Anand and Gelfand himself but it was clearly the Israeli that had learned more
from that encounter than anything the Frenchman was able to extract from the
duel.} 16. Nc2 Bc5 $11 17. Bxc5 Qxc5 18. Qb4 Qxb4 19.
Nxb4 Nc6 20. Nd3 Be8 21. Nc5 Rxd1 22. Rxd1 b6 23. N5e4 Nxe4 24. Nxe4 Kf8 25. f4 Ke7 26. Kf2 a5 27. Ke3 Nb4 28. Nc3 a4 29.
Be2 Rc8 30. Rd2 Rc5 31. Ne4 Rc7 32. Nc3 Rc5 33. Ne4 Rc7 34.
Nc3 1/2-1/2

[Event "Metz op 31th"]
[Site "Metz"]
[Date "2013.04.23"]
[Round "6"]
[White "Svetushkin, Dmitry"]
[Black "Jankovic, Alojzije"]
[Result "1-0"]
[ECO "B30"]
[WhiteElo "2588"]
[BlackElo "2537"]
[Annotator "Metz Alekhine/Primel,D"]
[PlyCount "36"]
[EventDate "2013.04.20"]
[EventType "swiss"]
[EventRounds "9"]
[EventCountry "FRA"]
[SourceTitle "EXT 2016"]
[Source "ChessBase"]
[SourceDate "2015.10.08"]
[SourceVersion "1"]
[SourceVersionDate "2015.10.08"]
[SourceQuality "1"]
[TimeControl "40/5400:1800+30"]
[WhiteClock "1:30:00"]
[BlackClock "1:30:00"]

1. e4 c5 2. Nf3 Nc6 3. Bb5 e6 4. Bxc6 bxc6 5. d3 Ne7 6. Qe2 Qc7 (6... d5 7. h4
a5 8. h5 a4 9. c4 f6 10. h6 Ng6 11. exd5 cxd5 12. cxd5 Qxd5 13. Nc3 Qc6 14. Be3
gxh6 15. O-O-O e5 16. Bxh6 Bxh6+ 17. Rxh6 Kf7 18. Nh4 Nxh4 19. Qh5+ Kg7 20.
Qxh4 Bf5 21. Nd5 Bg6 22. Ne7 Qe8 23. Nf5+ {1-0 (23) Fedoseev,V (2662)-Vorobiov,
E (2587) Vladivostok 2014}) 7. Nh4 h6 8. g3 g6 9. f4 Bg7 10. O-O d6 11. c4 O-O
12. Nc3 $146 (12. Nf3 f6 13. e5 fxe5 14. fxe5 d5 15. Nc3 Nf5 16. Bd2 Nd4 17.
Nxd4 Rxf1+ 18. Rxf1 cxd4 19. Na4 dxc4 20. Qe4 Kh7 21. dxc4 Rb8 22. Qxd4 Bxe5
23. Qe3 Bg7 24. Bc3 e5 25. Nc5 Qe7 26. Nd3 e4 27. Bxg7 Qxg7 28. Qxe4 Bf5 29.
Qe5 Qxe5 30. Nxe5 Rxb2 31. g4 Re2 32. gxf5 Rxe5 33. fxg6+ Kxg6 34. Rd1 {
1/2-1/2 (34) Aveskulov,V (2495)-Fedorov,A (2620) Saratov 2006}) 12... f5 13. e5
$5 dxe5 14. Nf3 e4 15. dxe4 fxe4 16. Ne5 Bxe5 17. fxe5 Rxf1+ 18. Kxf1 Qxe5 {
Suite illisible et gain Blanc au 50ème coup.} 1-0

[Event "Metz op 31th"]
[Site "Metz"]
[Date "2013.04.21"]
[Round "3"]
[White "Shchekachev, Andrei"]
[Black "Bauer, Christian"]
[Result "1/2-1/2"]
[ECO "B30"]
[WhiteElo "2520"]
[BlackElo "2637"]
[Annotator "Metz Alekhine/Primel,D"]
[PlyCount "49"]
[EventDate "2013.04.20"]
[EventType "swiss"]
[EventRounds "9"]
[EventCountry "FRA"]
[SourceTitle "EXT 2016"]
[Source "ChessBase"]
[SourceDate "2015.10.08"]
[SourceVersion "1"]
[SourceVersionDate "2015.10.08"]
[SourceQuality "1"]
[TimeControl "40/5400:1800+30"]
[WhiteClock "1:30:00"]
[BlackClock "1:30:00"]

1. Nf3 c5 2. e4 Nc6 3. Bb5 e6 (3... Nf6 4. Nc3 Qc7 5. O-O Nd4 6. Re1 a6 7. Bf1
Ng4 8. g3 Nxf3+ 9. Qxf3 Ne5 10. Qe2 e6 11. d3 d6 12. Bg2 Be7 13. f4 $14 {
Kovacevic,A (2556)-Avrukh,B (2614) Calvia ol (Men) 2004 (3) 1/2}) 4. c3 (4.
Bxc6 {La ligne critique} bxc6 5. d3 Ne7 6. h4 Qc7 (6... h5 7. e5) 7. h5 e5 8.
Nbd2 f6 9. Nh4 g5 10. Nhf3 {Solak,D (2618)-Grischuk,A (2785) EU-chT (Men) 19th
2013 (2.1) 1-0} (10. Qf3 gxh4 11. Qxf6 Rg8 12. Nc4 Bg7 13. Nd6+ Kd8 14. Nf7+
Ke8 15. Nd6+ {Solak inf 119})) 4... Nge7 5. d4 (5. O-O {La grande ligne} a6)
5... cxd4 (5... Qa5 6. Na3 cxd4 7. Bd2 Ng6 8. cxd4 Qb6 9. Qa4 a6 10. Rb1 Rb8
11. Bd3 Bb4 12. Nc4 Bxd2+ 13. Kxd2 Qc7 14. Qa3 Qf4+ 15. Ke2 d5 16. g3 Qg4 17.
Nd6+ Kd7 18. Ke3 f5 19. Be2 fxe4 20. h3 Qxf3+ 21. Bxf3 exf3 22. Rhc1 Nge7 23.
Rc2 Rf8 24. Rbc1 Rf6 25. h4 h5 26. Kd2 Rf8 27. Rc3 Rf6 28. Ke1 Rf8 29. Qc5 Rf6
30. a4 b6 31. Qa3 Bb7 32. a5 Ba8 33. b4 e5 34. axb6 Rxb6 35. dxe5 {Ivanchuk,V 
(2754)-Polgar,J (2682) Cap d'Agde 2010 1-0}) 6. cxd4 d5 7. Nc3 dxe4 8. Nxe4 Nf5
9. O-O Be7 10. Nc3 $146 {[%cal Gd4d5] Une nouveauté intéressante mais un peu
lente} (10. Bxc6+ bxc6 11. Qc2 O-O 12. Rd1 Qb6 13. Bf4 Rd8 14. Rac1 Ba6 15. Nc5
Bxc5 16. dxc5 Qb5 17. Bd6 Rac8 18. Nd4 Nxd4 19. Rxd4 Qe2 20. Qc3 e5 21. Ra4 f6
22. Re1 Qd3 23. Qxd3 Bxd3 24. Rxa7 Ra8 25. Rxa8 Rxa8 26. a3 Kf7 27. f3 Ke6 28.
Kf2 g5 29. Ke3 Bb5 30. Bc7 Ra4 31. Rd1 Rc4 32. Bb6 Rc2 33. Rd2 Rxd2 34. Kxd2
Bf1 35. g3 Bg2 36. Ke3 Bf1 37. a4 f5 38. b4 Bc4 39. f4 exf4+ {Anand,V (2785)
-Piscopo,P (2409) Porto Vecchio 2014 1-0 (62)}) (10. Ne5 $6 Nfxd4 11. Qg4 O-O
12. Bxc6 f5) 10... O-O 11. d5 Nb4 12. Bc4 exd5 13. Nxd5 Nxd5 14. Bxd5 Bf6 $1
$11 15. Qb3 Qb6 16. Qxb6 axb6 17. Bg5 $1 Ra5 (17... Bxb2
18. Rab1 ) 18. Bxf6 Rxd5 19. Bc3 Rfd8 20. Rfe1 Be6 21. Ng5 Bc8
22. Nf3 Be6 23. Ng5 Bc8 24. Nf3 Be6 25. Ng5 1/2-1/2

[Event "FRA-chT Top 12"]
[Site "Brest"]
[Date "2019.05.20"]
[Round "3.6"]
[White "Degraeve, Jean Marc"]
[Black "Genzling, Alain"]
[Result "1/2-1/2"]
[ECO "B30"]
[WhiteElo "2546"]
[BlackElo "2376"]
[Annotator "Mueller,Karsten"]
[PlyCount "129"]
[EventDate "2019.05.18"]
[EventType "team-tourn"]
[EventRounds "11"]
[EventCountry "FRA"]
[SourceTitle "CBM 191"]
[Source "ChessBase"]
[SourceDate "2019.08.31"]
[SourceVersion "1"]
[SourceVersionDate "2019.08.31"]
[SourceQuality "1"]
[WhiteTeam "Asnieres"]
[BlackTeam "Cannes"]
[WhiteTeamCountry "FRA"]
[BlackTeamCountry "FRA"]
[TimeControl "40/5400+30:1800+30"]

1. e4 c5 2. Nc3 Nc6 3. Bb5 Nd4 4. Bc4 e6 5. Nf3 Nf6 6. O-O a6 7. d3 (7. Bb3 d6 8. d3
Nxb3 9. axb3 Be7 10. d4 cxd4 11. Qxd4 O-O 12. Rd1 e5 13. Qd3 h6 14. Nd2 b5 15.
Nf1 Bg4 16. Re1 b4 17. Nd5 Nxd5 18. Qxd5 Be6 19. Qd3 f5 20. exf5 Bxf5 21. Qd5+
Kh7 22. Ne3 Bg6 23. Bd2 a5 24. c3 Bf7 25. Qd3+ Bg6 26. Qb5 Bh4 27. g3 Bg5 28.
cxb4 Rb8 29. Qd5 axb4 30. Ra6 Qf6 31. Rf1 Rbd8 32. f3 Qf7 33. Ra5 Qxd5 34. Rxd5
Bf7 35. Rd3 d5 36. Bc1 Bg6 {Inarkiev,E (2730)-Gelfand,B (2734) Magas 2016 1/
2-1/2}) 7... b5 8. Bb3 Nxb3 9. axb3 Bb7 10. e5 b4 11. exf6 bxc3 12. fxg7 Bxg7 13. bxc3 Bxc3 14. Ra4 Rg8 15. Bf4 Qf6 16. Bg3 Bxf3 17. gxf3 h5 18. h4 $146 (18. Kh1 Bd4
19. h4 Ke7 20. Qe2 Rg6 21. Rg1 Rag8 22. Rxa6 Kf8 23. Ra4 Kg7 24. b4 cxb4 25.
Rxb4 Kh7 26. Rg2 Qg7 27. Rb5 f5 28. Rg1 e5 29. f4 Rg4 30. fxe5 f4 31. e6 Rxh4+
32. Kg2 Qxg3+ {0-1 (32) Iuldachev,S (2550)-Aronian,L (2675) Mallorca 2004})
18... d5 19. Qe2 Bd4 20. Kh2 a5 21. c4 Kd7 22. Qa2 Be5 23. cxd5 Qxf3 24. dxe6+ fxe6 25. Rg1 Bxg3+ 26. fxg3 Qxd3 27. Rxa5 Rxa5 28. Qxa5 Qxb3 29. Qxc5 Qd5 30. Qa7+ Kd6 31. Qa3+ Kd7 32. Qa4+ Ke7 33. Qa7+ Kd6 34. Rg2 Ra8 35. Qb6+ Kd7 36. Qb2 Ke7 37. Rd2 Qf3 38. Qg7+ Ke8 39. Qd7+ Kf8 40. Qxe6 $6 (40. Qh7 Qe3 41. Qh8+ ) 40... Re8 41. Qh6+ Kg8 42. Qg6+ Kf8 43. Qc2 Qg4 44. Rf2+ Kg7 45. Qb2+ Kg8 46. Qb5 Rf8 47. Qd5+ Kg7 48. Qe5+ Kg8 49. Rxf8+ Kxf8 50. Qf4+ Kg7 51. Qxg4+ hxg4 52. Kg2 Kg6 53.
Kf2 Kf6 $1 {[%emt 0:00:00] Les Noirs tiennent l'opposition à
distance} 54. Ke2 Ke6 55. Kd2 Kd6 56. Kc2 Ke6 57. Kb2 {The whole bandwidth of the opposition In chess the opposition
means that the square enclosing the two kings has corners of the same colour.
You should remember that all four or else two corners must be of the same
colour. The side which does not have the move possesses the opposition: Die
ganze Bandbreite der Opposition Im Schach heißt Opposition, dass das Rechteck
um die König gleichfarbige Ecken hat. Man beachte, dass alle vier oder zwei
Ecken gleichfarbig sein müssen. Die Seite, welche dann nicht am Zug ist, hat
die Opposition:} Kd6 $1 {[%emt 0:00:00] The virtual opposition is indicated.
The position is drawn because all the key squares, f4-d4-d7-g7, lie within the
square of the protected passed pawn. Black must always adopt the appropriate
form of the opposition. Opposition is the correct plan when it is all about
the struggle for the three adjacent key squares: Virtuelle Opposition ist
angesagt. Die Stellung ist remis, weil alle Schlüsselfelder f4-d4-d7-g7 im
Quadrat des gedeckten Freibauern liegen. Schwarz muss immer die passende Form
der Opposition einnehmen. Opposition ist das richtige Konzept, wenn es um den
Kampf um drei nebeneinanderliegende Schlüsselfelder geht:} (57... Kf6 $2 {
[%csl Gb2,Gb6,Gf2,Gf6] The distant diagonal opposition loses here, because the
black king cannot go on to the f4-square Ferndiagonalopposition verliert hier,
weil der schwarze König das Feld f4 nicht betreten kann} 58. Kb3 Kf5 59. Kb4
Kf6 60. Kc4 Ke6 61. Kd4 {The white king has reached a key square and White
wins in the usual way: Der weiße König hat ein Schlüsselfeld erreicht und
Weiß gewinnt wie üblich:} Kf5 62. Kd5 Kf6 63. Ke4 Kg6 64. Kf4 Kh5 65. Kf5 Kh6
66. Kxg4 $18) 58. Ka3 Ke5 {[%emt 0:00:00] Virtual opposition
Virtuelle Opposition} 59. Kb3 Kd5 {[%emt 0:01:38] Diagonal
opposition  Diagonalopposition} 60. Kb2 Kd6 {[%emt 0:00:11]
Virtual opposition Virtuelle Opposition} 61. Ka2 Ke6 {[%emt 0:
00:29] Distant diagonal opposition Ferndiagonalopposition} 62. Ka3 Ke5 {[%emt 0:00:11] Virtual opposition  Virtuelle Opposition} 63. Ka4 Ke4 {[%emt 0:00:53] Distant opposition. Here the square has
only two corners.  Fernopposition. Hier hat das Rechteck nur zwei Ecken.} 64.
Kb3 Kd5 {[%emt 0:00:20] Diagonal opposition 
Diagonalopposition} 65. Kb2 1/2-1/2

[Event "Plancoet op-A 10th"]
[Site "Plancoet"]
[Date "2013.07.29"]
[Round "2"]
[White "Tirard, Hugo"]
[Black "Dionisi, Thomas"]
[Result "1-0"]
[ECO "B30"]
[WhiteElo "2421"]
[BlackElo "2301"]
[Annotator "RR"]
[PlyCount "57"]
[EventDate "2013.07.28"]
[EventType "swiss"]
[EventRounds "9"]
[EventCountry "FRA"]
[SourceTitle "EXT 2017"]
[Source "ChessBase"]
[SourceDate "2016.10.25"]
[SourceVersion "1"]
[SourceVersionDate "2016.10.25"]
[SourceQuality "1"]
[TimeControl "40/5400+30:1800+30"]

1. e4 c5 2. Nf3 Nc6 3. Bb5 f5 $6 {Débat théorique sur une ligne douteuse} (
3... g6 $142 4. O-O (4. Bxc6)) 4. d3 (4. exf5 {Le MI change le premier par
rapport à la partie du Championnat de France de 2011} Nh6 5. d4 Nxd4 6. Nxd4
cxd4 7. Qh5+ Nf7 8. O-O Qc7 9. c3 g6 10. Qe2 Qe5 11. fxg6 hxg6 12. Qxe5 Nxe5
13. cxd4 Nc6 14. Bd3 Nxd4 15. Bxg6+ Kd8 16. Nc3 Nf3+ 17. gxf3 Rg8 18. Bg5 Rxg6
{Tirard,H (2470)-Dionisi,T (2191) Caen 2011 1-0 (57)}) 4... Nf6 $146 (4... Qa5+
5. Nc3 Nd4 6. Bc4 b5 7. Bd5 Rb8 8. Bxg8 Rxg8 9. O-O b4 10. Nd5 e6 11. Nxd4 cxd4
12. Qh5+ g6 13. Nf6+ Kf7 14. Qh4 Be7 15. Bg5 Rh8 16. Nxh7 Bxg5 17. Nxg5+ Kg7
18. Qg3 Rb6 19. Nf3 {Hjelm,N (2306)-Holving,R (2130) Stockholm 1999 1-0}) 5.
Nbd2 g6 6. h4 Bg7 7. c3 (7. h5 Nxh5 8. Rxh5 gxh5 9. Nh4 $44 ) 7... a6 8. Ba4 b5 9. Bb3 (9. Bc2) 9... c4 10. dxc4 bxc4 (10... fxe4 $142 11.
Ng5 Bb7 ) 11. Bc2 fxe4 12. Nxe4 d5 13. Nxf6+ (13. Ba4 $142
Bb7 14. Nc5 $40) 13... Bxf6 14. h5 Bf5 15. hxg6 Bxg6 16. Bg5 Qd6 17. Bxf6 Bxc2
18. Qxc2 Qe6+ $2 19. Kf1 Qxf6 20. Qd2 Qd6 21. Rh6 $18 Qd7 (21... e6 22. Re1)
22. Re1 Rg8 23. Ree6 Nd8 24. Ne5 Qc8 25. Rb6 Qc5 26. Qe2 Rg5 27. f4 Rf5 28. Qg4
e6 29. Rhxe6+ 1-0